 Dungeon Crawl Stone Soup version 0.29.1-2-gbd0b4ee654 (webtiles) character file.

Game seed: 14399326781136170848

2055 KittyFluff the Cruncher (level 9, -6/53 HPs)
             Began as a Gargoyle Berserker on Nov 23, 2022.
             Was an Elder of Trog.
             Killed by an exploding orc warrior (20 damage)
             ... ignited by their inner flame
             ... on level 7 of the Dungeon.
             The game lasted 00:26:52 (7169 turns).

KittyFluff the Cruncher (Gargoyle Berserker)        Turns: 7169, Time: 00:26:53

Health: -6/53      AC: 18    Str: 27    XL:     9   Next: 25%
Magic:  9/9        EV: 13    Int:  7    God:    Trog [****..]
Gold:   135        SH:  5    Dex: 13    Spells: 8/8 levels left

rFire   . . .      SeeInvis .   M - +4 quarterstaff (chaos)
rCold   . . .      Faith    .   (shield currently unavailable)
rNeg    + . .      Spirit   .   u - +0 robe of Ignis's Reproof {Str+5}
rPois   ∞          Reflect  +   (no helmet)
rElec   +          Harm     .   K - +2 cloak {rCorr}
rCorr   +          Rampage  .   m - +1 pair of gloves of Jipimey {rElec Stlth+}
Will    .....                   (no boots)
Stlth   +++.......              j - amulet of reflection
HPRegen 0.17/turn               s - +4 ring of protection
MPRegen 0.11/turn               (no ring)

@: on berserk cooldown, slowed, very slow
A: sickness immunity, AC +6, negative energy resistance 1, electricity
resistance, torment resistance 1, petrification resistance
a: Renounce Religion, Berserk, Trog's Hand, Brothers in Arms


You were on level 7 of the Dungeon.
You worshipped Trog.
Trog was greatly pleased with you.
You visited 1 branch of the dungeon, and saw 7 of its levels.

You collected 393 gold pieces.
You spent 258 gold pieces at shops.

Inventory:

Hand Weapons
 a - a +0 mace
 t - a +0 quarterstaff
 L - a +0 quarterstaff
 M - a +4 quarterstaff of chaos (weapon)
Missiles
 i - a throwing net (quivered)
 x - 6 poisoned darts
Armour
 m - the +1 pair of gloves of Jipimey (worn) {rElec Stlth+}
   (You found it on level 2 of the Dungeon)

   rElec:     It insulates you from electricity.
   Stlth:     It makes you more stealthy.
 u - the +0 robe of Ignis's Reproof (worn) {Str+5}
   (You found it on level 3 of the Dungeon)

   Str:       It affects your strength (+5).
 B - a +0 leather armour
 K - a +2 cloak of preservation (worn)
Jewellery
 c - a ring of ice
 g - a +6 ring of intelligence
 j - an amulet of reflection (around neck)
 k - a ring of fire
 s - a +4 ring of protection (left hand)
Wands
 D - a wand of iceblast (7)
 N - a wand of mindburst (18)
Scrolls
 e - a scroll of blinking
 f - 3 scrolls of vulnerability
 h - 2 scrolls of immolation
 n - a scroll of fear {unknown}
 o - a scroll of teleportation {unknown}
 q - 4 scrolls of poison {unknown}
 w - a scroll of enchant weapon {unknown}
 y - a scroll of torment {unknown}
 A - a scroll of magic mapping {unknown}
 C - a scroll of enchant armour {unknown}
 F - a scroll of silence {unknown}
 G - a scroll of noise {unknown}
 H - 2 scrolls of fog {unknown}
Potions
 b - 2 potions of magic
 d - 2 potions of attraction
 l - a potion of lignification
 p - 2 potions of cancellation
 r - a potion of might
 v - 2 potions of curing
 z - a potion of degeneration {unknown}
 E - a potion of berserk rage {unknown}
 I - a potion of ambrosia {unknown}


   Skills:
 + Level 4.9 Fighting
 + Level 4.3(6.7) Maces & Flails
 * Level 8.1(8.6) Staves
 * Level 5.8 Armour
 + Level 3.5 Dodging
 + Level 3.0 Stealth
 + Level 2.1 Shields


You had 8 spell levels left.
You didn't know any spells.
Your spell library was empty.

Dungeon Overview and Level Annotations

Branches:
Dungeon (7/15)             Temple (0/1) D:5

Altars:
Ashenzari
Cheibriados
Fedhas
Makhleb
Sif Muna
Trog
Vehumet
Yredelemnul

Shops:
D:6 ([??


Innate Abilities, Weirdness & Mutations

You are immune to sickness and miasma.
Your stone body is resilient. (AC +6)
You are immune to poison.
You resist negative energy. (rN+)
You are resistant to electric shocks. (rElec)
You are resistant to unholy torment.
You are immune to petrification.


Message History

You hit the orc but do no damage.
The orc resists with some effort.
You hit the orc. You freeze the orc.
The orc is heavily wounded.
An orc warrior comes into view. It is wielding a +0 scimitar.
The orc hits you but does no damage.
You sock the orc! Lightning courses through the orc!!
You kill the orc!
Trog accepts your kill.
You can now call in reinforcements.
The orc wizard points at you and mumbles some strange words.
You easily resist.
You feel a strong urge to attack something.
You are no longer berserk.
You are exhausted.
You feel yourself slow down.
The orc wizard gestures wildly while chanting.
The orc wizard flickers and vanishes!
Deactivating autopickup; reactivate with Ctrl-A.
Something tries to affect you, but you resist.
A magic dart appears from out of thin air!
The magic dart hits you but does no damage.
You sock the orc warrior!
The orc warrior is poisoned.
The orc warrior is moderately wounded.
The orc warrior hits you with a +0 scimitar. x2
As you read the scroll labelled IPUNIV BAIL, it crumbles to dust.
It is a scroll of amnesia.
You feel forgetful for a moment.
The orc warrior hits you with a +0 scimitar.
* * * LOW HITPOINT WARNING * * *
As you read the scroll labelled NEMIQE HUZYSTREDOI, it crumbles to dust.
The creatures around you are filled with an inner flame!
It was a scroll of immolation.
Flame seeps out of the orc warrior. x2
The orc warrior is engulfed in blazing flames.
Trog accepts your kill.
The orc warrior explodes!
The fiery explosion engulfs something!!!
Trog accepts your kill.
Trog appreciates your killing of a magic user.
Reactivating autopickup.
You feel a bit more experienced. The fiery explosion engulfs you!!
You die...

...... #..###.#
......##.....#.#
..o.......####.#
.............#.#
.........#.###.#
###............#
#......)...##.##
.......)...##.#
..........§○@.#
.........)###.#
..............#
......#.#.....#
..............#
..............#
......#....##.#
..........##.#


There were no monsters in sight!

Vanquished Creatures
  Pikel (D:7)
  A water moccasin (D:7)
  An orc warrior (D:7)
  An ice beast (D:5)
  A black bear (D:7)
  An ogre (D:7)
  A centaur (D:7)
  2 phantoms
  A lemure (D:7)
  2 bullfrogs (D:6)
  6 killer bees
  4 howler monkeys
  A hound (D:6)
  3 jellies
  Crazy Yiuf (D:6)
  2 orc wizards
  7 gnolls
  10 adders
  3 shadow imps (D:6)
  A white imp (D:6)
  An ufetubus (D:6)
  A worm (D:3)
  3 dart slugs
  15 orcs
  6 bats
  3 endoplasms (D:2)
  3 giant cockroaches
  10 goblins
  5 hobgoblins
  7 jackals
  3 quokkas
  9 ball pythons
  4 frilled lizards (D:2)
  8 kobolds
  6 rats
134 creatures vanquished.

Vanquished Creatures (others)
  A fungus (D:6)
1 creature vanquished.

Grand Total: 135 creatures vanquished

Notes
Turn   | Place    | Note
-------+----------+-------------------------------------------
     0 | D:1      | KittyFluff the Gargoyle Berserker began the quest for the
                  | Orb.
     0 | D:1      | Reached XP level 1. HP: 14/14 MP: 1/1
   523 | D:1      | Reached XP level 2. HP: 17/19 MP: 2/2
  1902 | D:2      | Reached XP level 3. HP: 18/24 MP: 3/3
  1933 | D:2      | Reached ** piety under Trog
  2467 | D:2      | Reached XP level 4. HP: 27/29 MP: 4/4
  2657 | D:2      | Identified the +1 pair of gloves of Jipimey {rElec Stlth+}
  2668 | D:2      | Found a faded altar of an unknown god.
  2820 | D:3      | Reached skill level 1 in Stealth
  3066 | D:3      | Reached XP level 5. HP: 19/33 MP: 5/5
  3265 | D:3      | Found a radiant altar of Vehumet.
  3295 | D:3      | Found a blossoming altar of Fedhas.
  3338 | D:3      | Identified the +0 robe of Ignis's Reproof {Str+5}
  3717 | D:3      | Reached skill level 1 in Staves
  3729 | D:3      | Found a snail-covered altar of Cheibriados.
  3734 | D:3      | Found a shimmering blue altar of Sif Muna.
  3739 | D:3      | Found a broken altar of Ashenzari.
  3917 | D:4      | Noticed a phantom
  3935 | D:4      | Killed a phantom
  3936 | D:4      | Reached skill level 2 in Staves
  3936 | D:4      | Reached XP level 6. HP: 29/38 MP: 6/6
  4455 | D:4      | Reached *** piety under Trog
  4627 | D:4      | Reached skill level 3 in Staves
  4708 | D:4      | Found a bloodstained altar of Trog.
  4743 | D:5      | Entered Level 5 of the Dungeon
  4854 | D:5      | Noticed an ice beast
  5127 | D:5      | Killed an ice beast
  5128 | D:5      | Reached skill level 4 in Staves
  5128 | D:5      | Reached XP level 7. HP: 25/43 MP: 7/7
  5415 | D:5      | Found a staircase to the Ecumenical Temple.
  5610 | D:6      | Found Vezxol's Magic Scroll Emporium.
  5623 | D:6      | Found Daoghoyf's Magic Scroll Emporium.
  5624 | D:6      | Found Xideuk Yghoi's Weapon Emporium.
  5631 | D:6      | Found Yppoiczi's Armour Emporium.
  5687 | D:6      | Bought a +2 cloak of preservation for 258 gold pieces
  5812 | D:6      | Reached skill level 1 in Shields
  5987 | D:6      | Reached skill level 5 in Staves
  6098 | D:6      | Found a burning altar of Makhleb.
  6194 | D:6      | Reached XP level 8. HP: 46/48 MP: 8/8
  6328 | D:6      | Found a basalt altar of Yredelemnul.
  6493 | D:6      | Found a runed translucent door.
  6494 | D:6      | Noticed Crazy Yiuf
  6501 | D:6      | Killed Crazy Yiuf
  6652 | D:7      | Reached skill level 6 in Staves
  6652 | D:7      | Reached skill level 5 in Armour
  6954 | D:7      | Noticed Pikel
  6966 | D:7      | Killed Pikel
  6967 | D:7      | Reached skill level 7 in Staves
  6967 | D:7      | Reached XP level 9. HP: 53/53 MP: 9/9
  7153 | D:7      | Reached skill level 8 in Staves
  7157 | D:7      | Reached **** piety under Trog
  7169 | D:7      | Killed by an exploding orc warrior... ignited by their
                  | inner flame

Illustrated notes

Levels and vault maps discovered:
D:1:      ebering_trefoil_twist, layout_basic
D:2:      layout_basic, hellmonk_ecumenical_altar_inner_sanctum
D:3:      layout_basic, fedhas_altar_2, mainiacjoe_overflow_paths,
          grunt_temple_overflow_diamond
D:4:      layout_basic, general_overflow_altar
D:5:      layout_cave_pools, minmay_temple_entry_drinking_statues
D:6:      layout_basic, kennysheep_little_box, mainiacjoe_overflow_alcove_2,
          minmay_shop_grid_forest, uniq_crazy_yiuf_cottage
D:7:      layout_basic, uniq_pikel

Skill      XL: |  1  2  3  4  5  6  7  8  9 |
---------------+----------------------------+-----
Armour         | 3 4 5 |  5.8
Maces & Flails | 4 |  4.3
Stealth        | 1 2 3 |  3.0
Staves         | 2 4 5 7 8 |  8.1
Fighting       | 4 |  4.9
Dodging        | 2 3 |  3.5
Shields        | 1 2 |  2.1

Action                   |  1- 3 |  4- 6 |  7- 9 || total
-------------------------+-------+-------+-------++-------
Melee: Mace              |    91 |    34 |       ||   125
       Quarterstaff      |       |   150 |   138 ||   288
       Punch             |       |     1 |       ||     1
Invok: Berserk           |       |     1 |     3 ||     4
  Use: Scroll            |     3 |     1 |     6 ||    10
 Stab: Distracted        |       |     1 |       ||     1
       Sleeping          |       |     6 |     3 ||     9
Armor: Animal skin       |    40 |    11 |       ||    51
       Robe              |       |    53 |    67 ||   120
Dodge: Dodged            |    65 |    64 |    92 ||   221
Block: Other             |     6 |    42 |    32 ||    80
       Reflection        |       |     2 |     2 ||     4
